 Dungeon Crawl Stone Soup version 0.18.1-48-g4cf74bf (webtiles) character file.

27 Metae the Caller (level 3, -2/20 HPs)
             Began as a Tengu Summoner on July 7, 2016.
             Slain by an adder (5 damage)
             ... on level 3 of the Dungeon.
             The game lasted 00:14:55 (2191 turns).

Metae the Caller (Tengu Summoner)                   Turns: 2191, Time: 00:14:55

Health: -2/20      AC:  2    Str:  8    XL:     3   Next: 10%
Magic:  5/7        EV: 13    Int: 16    God:
Gold:   39         SH:  0    Dex: 14    Spells: 3 memorised, 0 levels left

rFire  . . .     SeeInvis .     u - +1 trident (pierce)
rCold  . . .     Gourm    .     a - +0 robe
rNeg   . . .     Faith    .     (no shield)
rPois  .         Spirit   .     (helmet restricted)
rElec  .         Dismiss  .     (no cloak)
rCorr  .         Reflect  .     (no gloves)
SustAt .         Harm     .     (boots unavailable)
MR     .....                    (no amulet)
Stlth  ++........               (no ring)
                                (no ring)

@: lethally poisoned (-2 -> -10), not resistant to hostile enchantments,
unstealthy
A: beak, talons 3
a: no special abilities


You were on level 3 of the Dungeon.
You were not hungry.

You visited 1 branch of the dungeon, and saw 3 of its levels.

You collected 39 gold pieces.

Inventory:

Hand Weapons
 k - a +0 spear
 u - a +1 trident of piercing (weapon)
 v - a +1 mace of crushing
Armour
 a - a +0 robe (worn)
Scrolls
 d - 2 scrolls of immolation {unknown}
 g - 4 scrolls of remove curse {unknown}
 i - a scroll of recharging {unknown}
 j - a scroll of enchant weapon {unknown}
 m - 4 scrolls of identify {unknown}
 o - 3 scrolls of teleportation {unknown}
 s - 2 scrolls of magic mapping {unknown}
Potions
 e - a potion of berserk rage {unknown}
 h - a potion of heal wounds {unknown}
 l - a potion of might {unknown}
 n - a potion of curing {unknown}
 p - a potion of brilliance {unknown}
 r - a potion of invisibility {unknown}
Books
 b - a book of Callings

   Spells                             Type                      Level
   a - Summon Small Mammal            Summoning                    1
   b - Call Imp                       Summoning                    2
   c - Call Canine Familiar           Summoning                    3
   d - Summon Guardian Golem          Hexes/Summoning              3
   e - Summon Lightning Spire         Summoning/Air                4
   f - Summon Ice Beast               Ice/Summoning                4
Comestibles
 c - 2 bread rations
 f - 3 meat rations
 q - 8 fruits
 t - 2 chunks of flesh


   Skills:
 + Level 0.6 Fighting
 + Level 0.2 Polearms
 + Level 0.4 Armour
 * Level 2.5 Dodging
 + Level 2.2 Stealth
 * Level 2.3 Spellcasting
 * Level 5.0 Summonings


You couldn't memorise any spells.
You knew the following spells:

 Your Spells              Type           Power        Failure   Level  Hunger
a - Summon Small Mammal   Summ           ###.         2%          1    #......
b - Call Imp              Summ           ###.....     4%          2    ###....
c - Call Canine Familiar  Summ           ###.....     10%         3    ###....


Dungeon Overview and Level Annotations

Branches:
Dungeon (3/15)

Altars:
Cheibriados
Elyvilon
Ru


Innate Abilities, Weirdness & Mutations

You have a beak for a mouth.
You have claws for feet.


Message History

Confirm with . or Enter, or press ? or * to list all spells.
The adder bites you.
You miss the adder. Your kick misses the adder. The adder bites you.
You are poisoned.
The adder poisons you!
Your hound closely misses the adder.
The adder bites you.
Your hound closely misses the adder.
You feel sick.
Your hound bites the adder.
The adder bites you.
* * * LOW HITPOINT WARNING * * *
Your hound closely misses the adder.
The adder bites you.
* * * LOW HITPOINT WARNING * * *
You are lethally poisoned!
The adder poisons you!
Your hound closely misses the adder.
* * * LOW HITPOINT WARNING * * *
You feel sick.
* * * LOW HITPOINT WARNING * * *
You feel sick.
Your hound bites the adder but does no damage.
The adder bites you.
You die...

>.........................
#..#.##.....########........
#...........................
#..#.##.###....#####.......#
#....##.######.# #........
#.......##.#####.#######
#.#.....##.......#......
#.###..###############......
#.........S@....... #......
########h####.####. #......
#.#..+ + #...... #.#..#
#...... #.#'##.### #......
#..h...... #......
#.#+##.### #...... #.#
#...<.. #.# #......


You could see an adder and a friendly hound.

Vanquished Creatures
  3 giant cockroaches
  A kobold (D:2)
  2 bats
  A giant newt (D:2)
  2 rats
9 creatures vanquished.

Vanquished Creatures (collateral kills)
  4 giant cockroaches (D:1)
  2 goblins (D:1)
  3 hobgoblins (D:1)
  4 kobolds (D:1)
  4 bats
  A giant newt (D:1)
  7 rats
25 creatures vanquished.

Grand Total: 34 creatures vanquished

Notes
Turn   | Place    | Note
--------------------------------------------------------------
     0 | D:1      | Metae the Tengu Summoner began the quest for the Orb.
     0 | D:1      | Reached XP level 1. HP: 10/10 MP: 4/4
   401 | D:1      | Reached XP level 2. HP: 13/15 MP: 0/6
   602 | D:1      | Learned a level 2 spell: Call Imp
  1559 | D:2      | Found a snail-covered altar of Cheibriados.
  1577 | D:2      | Reached skill level 5 in Summonings
  1678 | D:2      | Found a sacrificial altar of Ru.
  1823 | D:2      | Found a white marble altar of Elyvilon.
  2128 | D:3      | Reached XP level 3. HP: 20/20 MP: 7/7
  2172 | D:3      | Learned a level 3 spell: Call Canine Familiar
  2191 | D:3      | Slain by an adder

Skill      XL: |  1  2 |
---------------+-------+-----
Summonings     | 5 |  5.0
Fighting       | |  0.6
Polearms       | |  0.2
Armour         | |  0.4
Dodging        | |  2.5
Stealth        | |  2.2
Spellcasting   | |  2.3

Action                   || total
-------------------------++-------
Melee: Unarmed           ||     1
       Spear             ||    12
       Trident           ||    12
       Kick              ||     3
       Peck              ||     1
 Cast: Summon Small Mamm ||    35
       Call Imp          ||     6
       Call Canine Famil ||     1
 Stab: Sleeping          ||     3
  Eat: Chunk             ||     4
       Bread ration      ||     1
Armor: Robe              ||    11
Dodge: Dodged            ||    37
